 Dungeon Crawl Stone Soup version 0.31.0-12-g77e489cdc1 (webtiles) character file.

Game seed: 6404674534252221412

32958 Tinylith the Fighter (level 13, -5/187 HPs)
             Began as a Grey Draconian Berserker on Mar 6, 2024.
             Was a High Priest of Trog.
             Succumbed to poison (dark miasma)
             ... in a Gauntlet.
             The game lasted 00:33:38 (13399 turns).

Tinylith the Fighter (Grey Draconian Berserker)    Turns: 13399, Time: 00:33:39

Health: -5/187     AC: 15    Str: 21    XL:     13   Next: 34%
Magic:  13/13      EV: 11    Int:  7    God:    Trog [*****.]
Gold:   346        SH:  7    Dex: 15    Spells: 12/12 levels left

rFire   . . .        a - +3 trident (drain)
rCold   . . .        k - +0 kite shield
rNeg    + . .        (body armour unavailable)
rPois   .            p - +0 hat {SInv}
rElec   .            r - +0 cloak
rCorr   .            (no gloves)
SInv    +            x - +0 pair of boots
Will    +....        n - amulet of the acrobat Stlth
                     j - ring of willpower
HPRegen 0.51/turn    v - ring of positive energy
MPRegen 0.13/turn

%: no teleportation, acrobat
@: berserking, lethally poisoned (-5 -> -103), slowed
A: AC +13, amphibious, unfitting armour, cold-blooded
a: Renounce Religion, Berserk, Trog's Hand, Brothers in Arms


You were in a Gauntlet.
You worshipped Trog.
Trog was extremely pleased with you.
You visited 2 branches of the dungeon, and saw 13 of its levels.
You also visited: Gauntlet.

You collected 565 gold pieces.
You spent 219 gold pieces at shops.

Inventory:

Hand Weapons
 a - a +3 trident of draining (weapon)
 b - a +3 hand cannon of draining
Missiles
 A - a throwing net
Armour
 k - a +0 kite shield (worn)
 p - a +0 hat of see invisible (worn)
 r - a +0 cloak (worn)
 x - a +0 pair of boots (worn)
Jewellery
 j - a ring of willpower (left hand)
 n - an amulet of the acrobat (around neck)
 v - a ring of positive energy (right hand)
Wands
 f - a wand of iceblast (9)
 i - a wand of mindburst (4)
 C - a wand of polymorph (4)
Scrolls
 e - 3 scrolls of enchant weapon
 m - a scroll of poison {unknown}
 q - a scroll of fog {unknown}
 y - a scroll of teleportation
 z - a scroll of butterflies {unknown}
 B - 2 scrolls of blinking
Potions
 d - a potion of ambrosia
 g - 4 potions of attraction
 h - a potion of invisibility
 l - a potion of berserk rage
 o - 3 potions of enlightenment
 t - 5 potions of heal wounds
 u - 2 potions of curing
 w - 3 potions of lignification
 E - 2 potions of haste
 F - a potion of resistance {unknown}


   Skills:
 + Level 14.9 Fighting
 - Level 14.0 Polearms
 * Level 11.9 Ranged Weapons
 - Level 3.0 Dodging


You had 12 spell levels left.
You didn't know any spells.
Your spell library was empty.

Dungeon Overview and Level Annotations

Branches:
Dungeon (9/15)             Temple (0/1) D:4            Lair (4/5) D:9
 Shoals (0/4) Lair:2        Snake (0/4) Lair:2        Slime (0/5) Lair:4
Gauntlet (1/1)
    Orc: D:9-12

Altars:
Gozag
Nemelex Xobeh
Ru
Trog
Wu Jian

Shops:
D:6 [   D:7 (

Annotations:
D:9 1 transporter
Lair:1 3 runed translucent doors, Notum's ghost, journeyman DjFE Gauntlet 11 transporters


Innate Abilities, Weirdness & Mutations

Your dull iron-grey scales are very hard. (AC +13)
You are amphibious.
You cannot fit into any form of body armour.
You are cold-blooded and may be slowed by cold attacks.


Message History

The death drake bites you but does no damage.
You closely miss the death drake.
The death drake is moderately wounded.
You are engulfed in dark miasma.
You are more poisoned.
You feel extremely sick. The death drake bites you.
You puncture the death drake! You drain the death drake.
The death drake is heavily wounded.
You are engulfed in dark miasma.
You are more poisoned.
You feel as though you will be slow longer.
You feel extremely sick. The death drake breathes miasma at you.
The foul vapour engulfs you!
You are lethally poisoned!
You puncture the death drake! You drain the death drake.
The death drake is almost dead.
You are engulfed in dark miasma.
You are more poisoned.
You feel as though you will be slow longer.
* * * LOW HITPOINT WARNING * * *
You feel extremely sick. The death drake barely misses you.
You hit the death drake. You drain the death drake.
You kill the death drake!
Trog accepts your kill.
You are engulfed in dark miasma.
You are more poisoned.
You feel as though you will be slow longer.
* * * LOW HITPOINT WARNING * * *
x2 You feel extremely sick.
You impale the boggart zombie!!
The boggart zombie is severely damaged.
* * * LOW HITPOINT WARNING * * *
You feel extremely sick.
You puncture the boggart zombie! You tail-slap the boggart zombie.
You destroy the boggart zombie!
Trog accepts your kill.
You die...

......≈∩≈............≈###
©.............©.......#8#
######...###########..###
...hh#...#^....##[!#..#
....y#.∩.#.^###°##?#..###
..#.h#...#.##.##°#}#..#8#
^.^.h#...#.#.#.#°#.#..###
©...h#...#.^.#©#°#.#..#
^....#...#.#.#.#@#.#..###
..#..#...#.#.##°##.#..#8#
....^#...#.##.###^.#..###
©.)..#...##©##....^#..#
######...###########..###
.......≈....#.©.#.....#8#
......≈8≈...#...#.8...###
.......≈....#.©.#.....#
######...###########..###


There were no monsters in sight!

Vanquished Creatures
  Gastronok (D:8)
  3 hydras
  A two-headed ogre (D:8)
  2 boulder beetles
  2 skysharks
  A death drake (Gauntlet)
  A lindwurm (Lair:3)
  2 wolf spiders (Lair:3)
  An oklob plant (Lair:2)
  A salamander (Lair:2)
  7 cane toads
  A black mamba (Lair:1)
  Jeremiah (D:8)
  2 rime drakes (Lair:3)
  9 komodo dragons
  Psyche (D:8)
  A troll (D:9)
  5 hornets
  3 blink frogs (Lair:3)
  4 slime creatures (D:7)
  53 yaks
  5 wyverns
  A steam dragon (D:9)
  An acid dragon (D:9)
  15 water moccasins
  4 sky beasts
  2 orc warriors
  9 black bears
  2 ice beasts
  11 wolves
  4 centaurs
  A kobold brigand (D:7)
  11 bullfrogs
  A gnoll sergeant (D:6)
  5 scorpions
  5 wights (D:8)
  20 killer bees
  An electric eel (Lair:2)
  2 howler monkeys (D:7)
  4 lava snakes (Lair:2)
  2 jellies
  3 orc priests
  2 bombardier beetles
  7 hounds
  2 sleepcaps
  A boggart zombie (Gauntlet)
  2 iguanas (D:4)
  2 orc wizards
  A howler monkey zombie (D:2)
  12 gnolls
  5 adders
  2 ufetubi (D:6)
  3 ribbon worms
  21 orcs
  A bat skeleton (D:2)
  5 endoplasms
  2 giant cockroaches (D:4)
  15 goblins
  6 hobgoblins
  15 kobolds
  10 quokkas
  7 ball pythons
  A ball python skeleton (D:2)
  2 ball python zombies (D:2)
  5 bats
  3 frilled lizards
  8 rats
351 creatures vanquished.

Vanquished Creatures (collateral kills)
  A slime creature (D:7)
  A steam dragon (D:7)
  A hound (D:7)
  4 gnolls (D:6)
  2 orcs (D:6)
9 creatures vanquished.

Grand Total: 360 creatures vanquished

Notes
Turn   | Place    | Note
-------+----------+-------------------------------------------
     0 | D:1      | Tinylith the Draconian Berserker began the quest for the
                  | Orb.
     0 | D:1      | Reached XP level 1. HP: 19/19 MP: 1/1
   286 | D:1      | Reached XP level 2. HP: 22/26 MP: 2/2
   499 | D:2      | Reached XP level 3. HP: 25/33 MP: 3/3
   549 | D:2      | Reached ** piety under Trog
  1427 | D:3      | Reached XP level 4. HP: 36/40 MP: 4/4
  1742 | D:3      | Noticed a scorpion
  1742 | D:3      | Noticed a black bear
  1758 | D:3      | Killed a black bear
  1759 | D:3      | Reached skill level 5 in Polearms
  1759 | D:3      | Reached XP level 5. HP: 47/47 MP: 5/5
  1761 | D:3      | Reached skill level 5 in Fighting
  1761 | D:3      | Reached XP level 6. HP: 56/56 MP: 6/6
  2178 | D:4      | Found a sacrificial altar of Ru.
  2188 | D:4      | Found an opulent altar of Gozag.
  2227 | D:4      | Found a staircase to the Ecumenical Temple.
  2235 | D:4      | Reached *** piety under Trog
  2770 | D:5      | Entered Level 5 of the Dungeon
  2980 | D:5      | Your scales start taking on a dull iron-grey colour.
  2980 | D:5      | Reached XP level 7. HP: 62/62 MP: 7/7
  3048 | D:5      | Identified the +7 mace "Otouwut" {venom, +Blink Str+5}
  3885 | D:6      | Reached XP level 8. HP: 71/71 MP: 8/8
  4173 | D:6      | Reached **** piety under Trog
  4696 | D:6      | Found an ornate altar of the Wu Jian Council.
  4741 | D:6      | Found Lezxadaf's Antique Armour Boutique.
  4987 | D:7      | Found Uraysam's Weapon Emporium.
  5038 | D:7      | Bought a +2 hand cannon of flaming for 219 gold pieces
  5136 | D:7      | Reached skill level 10 in Polearms
  5171 | D:7      | Noticed a slime creature
  5172 | D:7      | Noticed a slime creature
  5172 | D:7      | Noticed a slime creature
  5176 | D:7      | Noticed a slime creature
  5176 | D:7      | Noticed a slime creature
  5180 | D:7      | Killed a slime creature
  5181 | D:7      | Reached XP level 9. HP: 81/81 MP: 9/9
  5210 | D:7      | Killed a large slime creature
  5497 | D:7      | Found a bloodstained altar of Trog.
  6182 | D:8      | Noticed a two-headed ogre
  6221 | D:8      | Noticed Gastronok
  6250 | D:8      | Killed Gastronok
  6251 | D:8      | Reached skill level 10 in Fighting
  6251 | D:8      | Reached XP level 10. HP: 43/93 MP: 10/10
  6548 | D:8      | Noticed Psyche
  6788 | D:8      | Killed a two-headed ogre
  7030 | D:8      | Killed Psyche
  7095 | D:8      | Noticed a boulder beetle
  7134 | D:8      | Killed a boulder beetle
  7300 | D:8      | Noticed Jeremiah
  7313 | D:8      | Killed Jeremiah
  7409 | D:8      | Identified the +7 rapier of Deloir {heavy, MP-9 Int+5}
  7648 | D:9      | Reached XP level 11. HP: 101/102 MP: 11/11
  7860 | D:9      | Found a staircase to the Lair.
  7872 | D:9      | Reached skill level 1 in Ranged Weapons
  8414 | D:9      | Found a sparkling altar of Nemelex Xobeh.
  8414 | D:9      | Found a transporter.
  8415 | D:9      | Noticed a fire dragon
  8416 | D:9      | Noticed a boulder beetle
  8634 | Lair:1   | Entered Level 1 of the Lair of Beasts
  8684 | Lair:1   | Reached skill level 5 in Ranged Weapons
  8842 | Lair:1   | Reached ***** piety under Trog
  8979 | Lair:1   | Noticed a boulder beetle
  8996 | Lair:1   | Killed a boulder beetle
  9260 | Lair:1   | Found a runed translucent gate.
  9260 | Lair:1   | Found a runed translucent gate.
  9260 | Lair:1   | Found a runed translucent gate.
  9317 | Lair:1   | Reached XP level 12. HP: 88/113 MP: 12/12
 10027 | Lair:1   | Noticed Notum's ghost (journeyman DjFE)
 10474 | Lair:2   | Noticed a seven-headed hydra
 10484 | Lair:2   | Killed a seven-headed hydra
 10809 | Lair:2   | Found a staircase to the Shoals.
 11091 | Lair:2   | Reached skill level 10 in Ranged Weapons
 11405 | Lair:2   | Received a gift from Trog
 11407 | Lair:2   | Found a staircase to the Snake Pit.
 12024 | Lair:3   | Noticed a five-headed hydra
 12029 | Lair:3   | Killed a five-headed hydra
 12036 | Lair:3   | Reached XP level 13. HP: 111/125 MP: 13/13
 13177 | Lair:4   | Found a gate leading to a gauntlet.
 13179 | Lair:4   | Found a staircase to the Slime Pits.
 13185 | Gauntlet | Entered a Gauntlet
 13185 | Gauntlet | Found a transporter.
 13185 | Gauntlet | Found a transporter.
 13185 | Gauntlet | Found a transporter.
 13186 | Gauntlet | Found a transporter.
 13190 | Gauntlet | Found a transporter.
 13199 | Gauntlet | Found a transporter.
 13266 | Gauntlet | Found a transporter.
 13276 | Gauntlet | Found a transporter.
 13291 | Gauntlet | Found a transporter.
 13305 | Gauntlet | Found a transporter.
 13316 | Gauntlet | Found a transporter.
 13322 | Gauntlet | Found a transporter.
 13399 | Gauntlet | Succumbed to poison (dark miasma)

Illustrated notes

Levels and vault maps discovered:
D:1:      noname_arrival_rooms_in_the_neighbourhood, layout_basic
D:2:      layout_rooms, serial_undead, serial_undead_f, serial_undead_f,
          serial_undead_a, serial_undead_c, minmay_tetromino_i2
D:3:      layout_rooms, serial_co_window_serial, co_window_of_opportunity_a,
          co_window_corner_a, co_window_paths_a, co_window_paths_a,
          co_window_paths_a, co_window_paths_a, co_window_paths_c,
          co_window_of_opportunity_b, co_window_broadway_a, co_window_2corner,
          co_window_corner_ca, co_window_4corner_a, co_window_paths_e,
          glass_columns_b, minmay_divided_ellipse
D:4:      layout_rooms, grunt_gozag_statues,
          mainiacjoe_overflow_small_starburst, minmay_temple_entry_water_ring
D:5:      layout_basic
D:6:      layout_loops_cross, lemuel_coloured_pillars_altar, serial_shops, shop,
          nicolae_zen_rock_garden, grunt_ministairs_9, minivault_24,
          minmay_misc_feat_pillars, hangedman_decor_clover_reticule
D:7:      layout_basic, trog_hazing_becter, serial_shops,
          nicolae_shop_bloodbath_and_beyond
D:8:      layout_cave_pools, minmay_microvault, uniq_gastronok, uniq_jeremiah,
          uniq_psyche
D:9:      layout_long_grid, grunt_nemelex_the_gamble, minmay_lair_entry_grove,
          abandoned_shop
Lair:1:   layout_cave_pods, ebering_ghost_rock_garden, serial_bayou_pond_e,
          serial_bayou_crossing
Lair:2:   layout_cave_pods, shoals_dummy_entry,
          nicolae_snake_entry_warm_welcome, beast_lair_carwin_4,
          lemuel_fruit_tree, serial_bayou_shore_a, lemuel_fruit_fields,
          infiniplex_staircase_pool, grunt_megastairs_2, lemuel_fruit_fields
Lair:3:   cheibrodos_lair_overgrown_chateau, layout_long_grid,
          nicolae_lair_run_with_the_wolves
Lair:4:   layout_loops_ring, nicolae_slime_entry_field_trip,
          gauntlet_entry_generic, eino_house_with_fridge
Gauntlet: gammafunk_gauntlet_shortcut [gammafunk_gauntlet_arena_spirals,
          gammafunk_gauntlet_arena_mazey, gammafunk_gauntlet_arena_hedges,
          nicolae_gauntlet_arena_flowing_pool,
          gammafunk_gauntlet_arena_arrow_garden,
          gammafunk_gauntlet_arena_split_x,
          nicolae_gauntlet_exit_dead_adventurers]

Skill      XL: |  1  2  3  4  5  6  7  8  9 10 11 12 13 |
---------------+----------------------------------------+-----
Dodging        | 3 |  3.0
Polearms       | 4 5 6 8 10 12 13 14 | 14.0
Fighting       | 4 5 6 8 10 11 12 14 | 14.9
Ranged Weapons | 7 10 11 | 11.9

Action                     |  1- 3 |  4- 6 |  7- 9 | 10-12 | 13-15 || total
---------------------------+-------+-------+-------+-------+-------++-------
  Melee: Spear             |   151 |   150 |    38 |       |       ||   339
         Tailslap          |    11 |    13 |    36 |   102 |    27 ||   189
         Trident           |       |       |   302 |   662 |   113 ||  1077
         Unarmed           |       |       |       |     3 |       ||     3
   Fire: Sling             |       |    37 |    20 |       |       ||    57
         Hand cannon       |       |       |    25 |   122 |    31 ||   178
  Throw: Dart              |     1 |     2 |       |       |       ||     3
 Invoke: Berserk           |       |     5 |     7 |     7 |     3 ||    22
         Brothers in Arms  |       |       |     2 |       |       ||     2
    Use: Scroll            |       |     6 |     4 |    10 |     3 ||    23
   Stab: Sleeping          |     1 |     1 |       |       |       ||     2
 Armour: Skin              |    59 |    47 |   244 |   314 |    73 ||   737
  Dodge: Dodged            |    69 |    33 |   174 |   231 |    54 ||   561
  Block: Kite shield       |    21 |    41 |   130 |    44 |     1 ||   237
         Buckler           |       |       |       |    61 |    18 ||    79
